[ AOE2 MATCH · #513817012 ]
UnrankedDravidians vs Portuguese
Rival team · LOSS
[ REPLAY ANALYSIS · EXTRACTED FROM THE RECORDED GAME ]
Feudal
9:16
Castle
19:10
Imperial
37:14
| APM avg | 84.7 |
| APM peak | 162 |
| eAPM avg | 47.2 |
| Villagers / military | 208 / 166 |
Focus
⚔️ 50.8% · 🌾 49.2%
Scout Cavalry ×71 · Elephant Archer ×71 · Skirmisher ×12 · Trebuchet (Packed) ×8 · Monk ×2 · Battle Elephant ×1
Feudal
10:04
Castle
19:28
Imperial
37:07
| APM avg | 67.2 |
| APM peak | 111 |
| eAPM avg | 34.5 |
| Villagers / military | 242 / 115 |
Focus
⚔️ 45.6% · 🌾 54.4%
Skirmisher ×45 · Organ Gun ×35 · Bombard Cannon ×12 · Trebuchet (Packed) ×6 · Archer ×5 · Mangonel ×5
Match map
Initial resources + every placement click. Lines = walls · curves = elevation contours. ◆ gold · ⬟ stone · ● berries · ✦ relic · ◌ wall gap
Your base· ✓ Closed at 19:10 · 39t walls · no gate
洛子商's base· Open — opponent sealed themselves in
Smoothed initial terrain · ◌ = detected wall gap · hover for details
Inputs per minute
— VL Aveee - - 洛子商
Build order — VL Aveee
First 150 of 635 actions detected
| 0:00 | Queue | Villager (Male) |
| 0:00 | Queue | Villager (Male) |
| 0:02 | Build | House |
| 0:02 | Build | House |
| 0:03 | Queue | Villager (Male) |
| 0:08 | Queue | Villager (Male) |
| 0:09 | Queue | Villager (Male) |
| 1:24 | Queue | Villager (Male) |
| 1:24 | Queue | Villager (Male) |
| 1:56 | Queue | Villager (Male) |
| 1:57 | Queue | Villager (Male) |
| 2:15 | Queue | Villager (Male) |
| 2:26 | Build | Lumber Camp |
| 2:47 | Queue | Villager (Male) |
| 2:48 | Queue | Villager (Male) |
| 2:48 | Queue | Villager (Male) |
| 2:53 | Queue | Villager (Male) |
| 3:07 | Queue | Villager (Male) |
| 3:07 | Queue | Villager (Male) |
| 3:39 | Build | House |
| 3:49 | Queue | Villager (Male) |
| 3:49 | Queue | Villager (Male) |
| 4:20 | Build | House |
| 4:34 | Queue | Villager (Male) |
| 4:34 | Queue | Villager (Male) |
| 4:34 | Queue | Villager (Male) |
| 4:37 | Queue | Villager (Male) |
| 4:37 | Queue | Villager (Male) |
| 5:09 | Build | Mill |
| 5:42 | Build | House |
| 5:51 | Queue | Villager (Male) |
| 5:53 | Queue | Villager (Male) |
| 6:32 | Research | Loom |
| 6:38 | Build | Palisade Wall |
| 7:06 | Research | Feudal Age |
| 7:06 | Research | Feudal Age |
| 7:25 | Build | Lumber Camp |
| 7:57 | Queue | Villager (Male) |
| 8:01 | Build | House |
| 8:02 | Build | Palisade Wall |
| 8:16 | Build | Palisade Wall |
| 8:24 | Build | Palisade Wall |
| 8:51 | Build | Barracks |
| 8:57 | Build | Palisade Wall |
| 9:16 | Age | Feudal Age |
| 9:23 | Queue | Villager (Male) |
| 9:24 | Build | Palisade Wall |
| 9:26 | Build | Palisade Wall |
| 9:27 | Build | Palisade Wall |
| 9:32 | Research | Double-Bit Axe |
| 9:32 | Research | Double-Bit Axe |
| 9:39 | Build | House |
| 9:40 | Build | Palisade Wall |
| 9:41 | Queue | Villager (Male) |
| 9:43 | Build | Palisade Gate |
| 9:43 | Queue | Villager (Male) |
| 9:52 | Build | Palisade Wall |
| 9:52 | Build | Palisade Wall |
| 9:54 | Queue | Villager (Male) |
| 10:03 | Build | Archery Range |
| 10:07 | Build | House |
| 10:21 | Build | Palisade Wall |
| 10:44 | Queue | Villager (Male) |
| 10:46 | Build | Farm |
| 10:47 | Build | Farm |
| 10:49 | Queue | Skirmisher |
| 10:55 | Build | Palisade Wall |
| 10:57 | Build | Farm |
| 11:01 | Build | Palisade Wall |
| 11:02 | Queue | Skirmisher |
| 11:12 | Build | Farm |
| 11:14 | Build | Farm |
| 11:18 | Queue | Skirmisher |
| 11:20 | Queue | Villager (Male) |
| 11:33 | Queue | Skirmisher |
| 11:47 | Queue | Skirmisher |
| 12:05 | Queue | Villager (Male) |
| 12:05 | Queue | Villager (Male) |
| 12:06 | Queue | Villager (Male) |
| 12:08 | Build | Farm |
| 12:24 | Build | Farm |
| 12:25 | Build | Farm |
| 12:27 | Build | Farm |
| 12:38 | Build | House |
| 12:47 | Queue | Villager (Male) |
| 13:03 | Queue | Villager (Male) |
| 13:06 | Build | Farm |
| 13:18 | Build | Farm |
| 13:22 | Queue | Villager (Male) |
| 13:36 | Build | Mining Camp |
| 13:38 | Queue | Villager (Male) |
| 13:41 | Build | Mining Camp |
| 13:54 | Build | Mining Camp |
| 14:07 | Build | Blacksmith |
| 14:08 | Build | House |
| 14:24 | Queue | Villager (Male) |
| 14:48 | Queue | Villager (Male) |
| 15:17 | Build | Market |
| 15:22 | Build | House |
| 15:24 | Queue | Villager (Male) |
| 15:45 | Build | Farm |
| 16:00 | Queue | Villager (Male) |
| 16:10 | Build | Farm |
| 16:20 | Build | House |
| 16:21 | Build | House |
| 16:24 | Build | House |
| 16:24 | Build | House |
| 16:30 | Research | Castle Age |
| 16:30 | Research | Castle Age |
| 16:30 | Research | Castle Age |
| 16:34 | Queue | Skirmisher |
| 16:51 | Build | Farm |
| 17:00 | Research | Horse Collar |
| 17:01 | Queue | Skirmisher |
| 17:11 | Build | Farm |
| 17:14 | Queue | Skirmisher |
| 17:20 | Queue | Villager (Male) |
| 17:41 | Research | Fletching |
| 17:45 | Queue | Skirmisher |
| 18:06 | Queue | Villager (Male) |
| 18:25 | Queue | Skirmisher |
| 18:37 | Queue | Skirmisher |
| 19:05 | Build | Palisade Wall |
| 19:10 | Age | Castle Age |
| 19:12 | Research | Elite Skirmisher (upgrade) |
| 19:12 | Research | Elite Skirmisher (upgrade) |
| 19:12 | Research | Bodkin Arrow |
| 19:12 | Research | Bodkin Arrow |
| 19:14 | Queue | Villager (Male) |
| 19:16 | Build | Town Center |
| 19:22 | Queue | Villager (Male) |
| 19:24 | Build | Town Center |
| 19:27 | Research | Bow Saw |
| 19:29 | Research | Wheelbarrow |
| 19:30 | Research | Wheelbarrow |
| 19:34 | Queue | Villager (Male) |
| 19:43 | Build | Farm |
| 19:44 | Build | Farm |
| 19:48 | Queue | Villager (Male) |
| 19:57 | Research | Padded Archer Armor |
| 19:57 | Research | Padded Archer Armor |
| 19:59 | Build | Farm |
| 20:00 | Build | Farm |
| 20:01 | Build | Farm |
| 20:16 | Queue | Villager (Male) |
| 20:21 | Build | Monastery |
| 20:24 | Queue | Villager (Male) |
| 20:44 | Queue | Villager (Male) |
| 21:00 | Queue | Skirmisher |
| 21:06 | Queue | Villager (Male) |
Build order — 洛子商
First 150 of 531 actions detected
| 0:02 | Queue | Villager (Male) |
| 0:02 | Queue | Villager (Male) |
| 0:03 | Build | House |
| 0:08 | Queue | Villager (Male) |
| 0:09 | Queue | Villager (Male) |
| 1:00 | Build | House |
| 1:01 | Build | House |
| 1:36 | Queue | Villager (Male) |
| 1:36 | Queue | Villager (Male) |
| 2:04 | Queue | Villager (Male) |
| 2:07 | Build | Lumber Camp |
| 2:30 | Queue | Villager (Male) |
| 2:31 | Queue | Villager (Male) |
| 2:46 | Queue | Villager (Male) |
| 3:05 | Queue | Villager (Male) |
| 3:05 | Queue | Villager (Male) |
| 3:27 | Queue | Villager (Male) |
| 3:27 | Queue | Villager (Male) |
| 3:39 | Queue | Villager (Male) |
| 3:40 | Queue | Villager (Male) |
| 3:40 | Queue | Villager (Male) |
| 4:12 | Queue | Villager (Male) |
| 4:12 | Queue | Villager (Male) |
| 4:50 | Queue | Villager (Male) |
| 4:51 | Queue | Villager (Male) |
| 5:10 | Build | Barracks |
| 5:27 | Queue | Villager (Male) |
| 5:27 | Queue | Villager (Male) |
| 5:38 | Build | House |
| 6:19 | Queue | Villager (Male) |
| 6:19 | Research | Loom |
| 6:24 | Queue | Militia |
| 6:24 | Queue | Militia |
| 7:04 | Queue | Militia |
| 7:22 | Queue | Villager (Male) |
| 7:36 | Build | Mill |
| 7:54 | Research | Feudal Age |
| 7:54 | Research | Feudal Age |
| 8:54 | Build | Palisade Wall |
| 8:57 | Build | Palisade Wall |
| 9:09 | Build | Palisade Wall |
| 9:30 | Queue | Villager (Male) |
| 9:41 | Build | House |
| 9:50 | Build | Farm |
| 9:52 | Build | Farm |
| 10:04 | Age | Feudal Age |
| 10:06 | Build | Archery Range |
| 10:09 | Research | Double-Bit Axe |
| 10:11 | Queue | Villager (Male) |
| 10:24 | Queue | Villager (Male) |
| 10:27 | Build | Farm |
| 10:31 | Build | Farm |
| 10:44 | Build | Farm |
| 10:53 | Build | House |
| 11:00 | Queue | Skirmisher |
| 11:12 | Queue | Villager (Male) |
| 11:14 | Build | Farm |
| 11:17 | Build | Farm |
| 11:22 | Queue | Villager (Male) |
| 11:26 | Queue | Skirmisher |
| 11:29 | Build | House |
| 11:40 | Queue | Skirmisher |
| 11:50 | Queue | Villager (Male) |
| 11:52 | Build | Farm |
| 12:03 | Build | House |
| 12:06 | Build | Palisade Wall |
| 12:12 | Queue | Villager (Male) |
| 12:14 | Queue | Skirmisher |
| 12:16 | Queue | Spearman |
| 12:34 | Build | House |
| 12:43 | Build | Farm |
| 12:48 | Queue | Skirmisher |
| 12:52 | Build | House |
| 12:55 | Build | Palisade Wall |
| 12:59 | Queue | Villager (Male) |
| 13:15 | Queue | Villager (Male) |
| 13:22 | Queue | Skirmisher |
| 13:22 | Queue | Villager (Male) |
| 13:40 | Build | House |
| 13:46 | Queue | Villager (Male) |
| 13:51 | Build | Mining Camp |
| 13:59 | Build | Palisade Wall |
| 14:00 | Build | Palisade Wall |
| 14:06 | Queue | Skirmisher |
| 14:17 | Queue | Villager (Male) |
| 14:19 | Build | Farm |
| 14:30 | Build | Palisade Wall |
| 14:32 | Build | Palisade Wall |
| 14:33 | Build | Palisade Wall |
| 14:47 | Queue | Villager (Male) |
| 14:50 | Build | Lumber Camp |
| 14:52 | Build | Farm |
| 14:53 | Queue | Villager (Male) |
| 15:08 | Build | Blacksmith |
| 15:13 | Queue | Villager (Male) |
| 15:21 | Queue | Villager (Male) |
| 15:33 | Build | House |
| 15:37 | Build | Farm |
| 15:51 | Queue | Villager (Male) |
| 15:58 | Build | Farm |
| 16:06 | Build | House |
| 16:23 | Queue | Villager (Male) |
| 16:27 | Build | Stable |
| 16:46 | Research | Castle Age |
| 16:46 | Research | Castle Age |
| 16:49 | Queue | Skirmisher |
| 16:49 | Queue | Skirmisher |
| 16:49 | Queue | Skirmisher |
| 16:50 | Queue | Skirmisher |
| 17:02 | Build | Farm |
| 17:03 | Research | Horse Collar |
| 17:03 | Research | Horse Collar |
| 17:20 | Research | Fletching |
| 17:20 | Research | Fletching |
| 17:29 | Build | Farm |
| 17:32 | Build | Farm |
| 17:34 | Build | Farm |
| 17:55 | Queue | Skirmisher |
| 17:55 | Queue | Skirmisher |
| 18:47 | Queue | Skirmisher |
| 19:18 | Research | Scale Barding Armor |
| 19:28 | Age | Castle Age |
| 19:29 | Build | Siege Workshop |
| 19:30 | Queue | Knight |
| 19:33 | Research | Bodkin Arrow |
| 19:34 | Research | Elite Skirmisher (upgrade) |
| 19:34 | Research | Elite Skirmisher (upgrade) |
| 19:35 | Queue | Knight |
| 19:36 | Queue | Villager (Male) |
| 19:47 | Queue | Knight |
| 19:49 | Queue | Villager (Male) |
| 20:02 | Build | House |
| 20:45 | Queue | Mangonel |
| 20:45 | Queue | Villager (Male) |
| 21:05 | Queue | Mangonel |
| 21:05 | Queue | Villager (Male) |
| 21:05 | Queue | Villager (Male) |
| 21:09 | Queue | Skirmisher |
| 21:09 | Queue | Skirmisher |
| 21:10 | Queue | Skirmisher |
| 21:17 | Queue | Skirmisher |
| 21:21 | Research | Town Watch |
| 21:23 | Research | Bow Saw |
| 21:27 | Build | Outpost |
| 21:41 | Queue | Skirmisher |
| 21:41 | Queue | Villager (Male) |
| 21:41 | Queue | Villager (Male) |
| 21:55 | Queue | Mangonel |
| 21:59 | Queue | Villager (Male) |
| 21:59 | Queue | Villager (Male) |
Match timeline
| 5:10 | 洛子商 · first_building Barracks |
| 6:38 | VL Aveee · wall_segment Palisade Wall x11 |
| 8:02 | VL Aveee · wall_segment Palisade Wall x4 |
| 8:16 | VL Aveee · wall_segment Palisade Wall x3 |
| 8:24 | VL Aveee · wall_segment Palisade Wall x1 |
| 8:51 | VL Aveee · first_building Barracks |
| 8:54 | 洛子商 · wall_segment Palisade Wall x4 |
| 8:57 | VL Aveee · wall_segment Palisade Wall x6 |
| 8:57 | 洛子商 · wall_segment Palisade Wall x5 |
| 9:09 | 洛子商 · wall_segment Palisade Wall x5 |
| 9:16 | VL Aveee · age_up feudal |
| 9:24 | VL Aveee · wall_segment Palisade Wall x1 |
| 9:26 | VL Aveee · wall_segment Palisade Wall x1 |
| 9:27 | VL Aveee · wall_segment Palisade Wall x1 |
| 9:40 | VL Aveee · wall_segment Palisade Wall x1 |
| 9:52 | VL Aveee · wall_segment Palisade Wall x1 |
| 9:52 | VL Aveee · wall_segment Palisade Wall x1 |
| 10:03 | VL Aveee · first_building Archery Range |
| 10:04 | 洛子商 · age_up feudal |
| 10:06 | 洛子商 · first_building Archery Range |
| 10:21 | VL Aveee · wall_segment Palisade Wall x1 |
| 10:55 | VL Aveee · wall_segment Palisade Wall x1 |
| 11:01 | VL Aveee · wall_segment Palisade Wall x7 |
| 12:06 | 洛子商 · wall_segment Palisade Wall x1 |
| 12:55 | 洛子商 · wall_segment Palisade Wall x6 |
| 13:59 | 洛子商 · wall_segment Palisade Wall x1 |
| 14:00 | 洛子商 · wall_segment Palisade Wall x1 |
| 14:30 | 洛子商 · wall_segment Palisade Wall x1 |
| 14:32 | 洛子商 · wall_segment Palisade Wall x1 |
| 14:33 | 洛子商 · wall_segment Palisade Wall x1 |
| 16:27 | 洛子商 · first_building Stable |
| 19:05 | VL Aveee · wall_segment Palisade Wall x1 |
| 19:10 | VL Aveee · age_up castle |
| 19:28 | 洛子商 · age_up castle |
| 19:29 | 洛子商 · first_building Siege Workshop |
| 20:21 | VL Aveee · first_building Monastery |
| 21:53 | VL Aveee · first_building Siege Workshop |
| 22:22 | VL Aveee · wall_segment Stone Wall x1 |
| 25:57 | 洛子商 · first_market_buy 100 stone |
| 28:53 | VL Aveee · first_building Stable |
| 31:34 | 洛子商 · first_building Castle |
| 32:14 | VL Aveee · first_building Castle |
| 33:37 | 洛子商 · first_market_sell 500 wood |
| 34:49 | 洛子商 · wall_segment Stone Wall x1 |
| 35:19 | VL Aveee · first_market_buy 100 stone |
| 36:56 | 洛子商 · wall_segment Stone Wall x15 |
| 37:07 | 洛子商 · age_up imperial |
| 37:14 | VL Aveee · age_up imperial |
| 37:57 | 洛子商 · wall_segment Stone Wall x4 |
| 38:02 | 洛子商 · wall_segment Stone Wall x4 |
| 40:05 | VL Aveee · first_market_sell 100 wood |
| 41:42 | 洛子商 · resign |
[ AI ANALYSIS · 1 CREDIT ]
What really happened in this match?
Wolo.gg analyzes every decision: build order, eco, micro, common mistakes by bracket. Personalized analysis on WhatsApp or Discord in 30 seconds.
Civ guide
Dravidians
Perfil
Jugador #6773576